Map: 2000 Atmospheres LE

Players

ShoWTimE - Winner!

  • Race: Protoss Protoss
  • League: Grandmaster

DnS

  • Race: Protoss Protoss
  • League: Master

Event: DreamHack SC2 Masters 2021 Summer

VOD

Have the link to the VOD?

Description

Time

  • Played on: June 3, 2021, 10:26 a.m.
  • Length: 17:48

All games in this series

Show
View Real Time Build Order
Export as new Build Order

ShoWTimE Protoss - Winner!

Build Orders: Oracle Opening 

Get SALT Encoding   

  12  0:00  Probe  
  13  0:12  Probe  
  14  0:17  Pylon  
  14  0:24  Probe (Chrono Boost)  
  15  0:36  Probe (Chrono Boost)  
  15  0:37  Gateway  
  16  0:45  Probe (Chrono Boost)  
  16  0:46  Assimilator  
  17  0:50  Probe  
  17  0:56  Assimilator  
  18  1:03  Probe (Chrono Boost)  
  19  1:05  Pylon  
  19  1:14  Probe (Chrono Boost)  
  20  1:19  Probe (Chrono Boost)  
  21  1:29  Cybernetics Core  
  21  1:30  Probe, Zealot  
  24  1:42  Probe  
  25  1:54  Probe  
  26  2:04  Adept (Chrono Boost)  
  26  2:06  Probe  
  26  2:07  Stargate  
  29  2:12  Pylon  
  29  2:14  Warp Gate  
  29  2:19  Probe  
  30  2:23  Pylon  
  30  2:30  Stalker  
  30  2:32  Probe  
  33  2:53  Oracle  
  36  3:02  Nexus  
  36  3:05  Probe  
  37  3:12  Pylon  
  37  3:17  Probe  
  38  3:24  Shield Battery  
  38  3:28  Oracle (Chrono Boost)  
  38  3:30  Probe  
  42  3:42  Probe  
  42  3:48  Twilight Council  
  42  3:53  Gateway  
  42  3:54  Probe  
  43  4:08  Probe (Chrono Boost), Gateway  
  41  4:15  Probe (Chrono Boost)  
  42  4:21  Stalker  
  42  4:24  Probe x2 (Chrono Boost)  
  46  4:25  Blink (Chrono Boost)  
  46  4:29  Probe (Chrono Boost)  
  46  4:30  Probe  
  46  4:41  Probe  
  46  4:42  Probe  
  48  4:45  Stalker  
  48  4:48  Stalker  
  52  4:53  Probe  
  52  4:54  Forge  
  52  4:55  Probe  
  52  4:59  Assimilator  
  54  5:05  Probe  
  55  5:11  Stalker x2  
  56  5:21  Nexus  
  56  5:25  Robotics Facility  
  56  5:28  Pylon  
  56  5:30  Probe x2  
  56  5:31  Protoss Ground Weapons Level 1 (Chrono Boost)  
  58  5:39  Assimilator  
  58  5:41  Stalker  
  58  5:42  Probe  
  61  5:43  Probe  
  62  5:50  Stalker  
  62  5:51  Stalker  
  62  5:55  Probe, Pylon  
  67  5:58  Probe  
  68  6:07  Probe (Chrono Boost)  
  65  6:14  Observer  
  65  6:15  Probe (Chrono Boost), Sentry  
  69  6:19  Probe (Chrono Boost)  
  69  6:24  Probe x2 (Chrono Boost)  
  70  6:26  Gateway  
  70  6:27  Gateway, Sentry  
  70  6:29  Phoenix  
  70  6:30  Gateway  
  73  6:33  Probe, Shield Battery  
  73  6:34  Probe  
  73  6:35  Probe  
  73  6:39  Charge  
  76  6:45  Probe  
  76  6:46  Probe  
  78  6:47  Stalker  
  78  6:49  Stalker  
  83  6:54  Probe (Chrono Boost)  
  83  6:57  Probe (Chrono Boost)  
  85  7:03  Pylon  
  85  7:04  Probe (Chrono Boost)  
  85  7:07  Probe (Chrono Boost)  
  87  7:08  Probe (Chrono Boost), Stalker  
  87  7:10  Stalker  
  87  7:12  Probe (Chrono Boost)  
  87  7:13  Observer  
  93  7:16  Probe  
  92  7:23  Probe  
  92  7:25  Protoss Ground Weapons Level 2 (Chrono Boost)  
  90  7:34  Probe  
  90  7:35  Probe  
  90  7:36  Probe  
  93  7:38  Gateway  
  93  7:40  Gateway  
  93  7:43  Phoenix  
  93  7:44  Assimilator  
  93  7:45  Assimilator  
  93  7:47  Pylon  
  93  7:48  Probe (Chrono Boost), Pylon  
  93  7:50  Probe (Chrono Boost)  
  96  7:52  Probe (Chrono Boost), Zealot x2  
  96  7:57  Templar Archives  
  101  7:59  Probe (Chrono Boost)  
  101  8:05  Probe x2  
  101  8:07  Phoenix  
  101  8:09  Pylon  
  101  8:10  Immortal (Chrono Boost)  
  103  8:14  Gateway  
  103  8:16  Gateway  
  103  8:18  Probe x2  
  109  8:28  Pylon  
  109  8:30  Nexus  
  107  8:34  Pylon  
  107  8:38  High Templar x4  
  107  8:40  Pylon  
  115  8:41  Photon Cannon  
  115  8:42  Archon x2, Warp Prism (Chrono Boost)  
  117  8:51  Pylon  
  117  8:56  High Templar x2  
  117  8:57  Zealot x2  
  117  9:00  Archon  
  125  9:07  Pylon  
  125  9:12  Probe x2  
  125  9:16  Probe  
  124  9:17  High Templar x2  
  124  9:18  Zealot x4  
  124  9:23  Archon  
  136  9:33  Zealot x3  
  136  9:34  Zealot  
  136  9:38  Pylon  
  144  9:40  High Templar  
  144  9:41  High Templar, Phoenix, Zealot x2  
  144  9:44  Archon  
  152  9:50  Photon Cannon, Pylon  
  152  9:58  Zealot  
  152  9:59  Zealot x3  
  160  10:00  High Templar x2  
  160  10:04  Archon  
  160  10:05  Zealot x2  
  168  10:11  Pylon  
  168  10:19  Observer (Chrono Boost)  
  169  10:23  Zealot x6  
  169  10:26  Zealot x2  
  183  10:30  Protoss Ground Weapons Level 3 (Chrono Boost)  
  183  10:32  Robotics Bay  
  183  10:35  Robotics Facility  
  183  10:36  Pylon  
  183  10:44  Zealot  
  183  10:45  Zealot x5  
  195  10:53  Zealot x3  
  197  11:04  Zealot  
  197  11:09  Zealot, Pylon  
  197  11:10  Zealot  
  197  11:11  Pylon  
  197  11:14  Zealot x6  
  197  11:18  Disruptor (Chrono Boost)  
  183  11:20  Disruptor (Chrono Boost)  
  189  11:28  Probe x3, Photon Cannon  
  189  11:29  Probe  
  193  11:34  Shield Battery  
  193  11:44  Probe x2  
  193  11:45  Probe x2  
  193  11:46  Assimilator  
  197  11:48  Disruptor  
  197  11:50  Assimilator  
  200  12:13  Photon Cannon  
  200  12:15  Photon Cannon, Disruptor (Chrono Boost)  
  197  12:17  Photon Cannon  
  197  12:18  Photon Cannon  
  197  12:20  Shield Battery  
  197  12:21  Photon Cannon, Dark Shrine  
  195  12:24  Disruptor (Chrono Boost)  
  196  12:35  Photon Cannon  
  196  12:37  Gravitic Boosters (Chrono Boost), Shield Battery  
  196  12:39  Pylon  
  196  12:46  Disruptor (Chrono Boost)  
  196  12:49  Disruptor (Chrono Boost)  
  196  12:58  Photon Cannon  
  191  13:06  Disruptor  
  191  13:09  Oracle (Chrono Boost)  
  184  13:13  Nexus  
  184  13:15  Disruptor  
  184  13:19  Zealot x3  
  185  13:20  Zealot x5, Shadow Stride (Chrono Boost)  
  168  13:30  Photon Cannon  
  168  13:32  Photon Cannon  
  168  13:34  Photon Cannon  
  166  13:36  Photon Cannon  
  166  13:39  Stalker x2  
  166  13:40  Stalker x2  
  174  13:42  Disruptor  
  177  13:49  Stalker x3  
  177  13:51  Disruptor  
  184  14:04  Protoss Shields Level 1 (Chrono Boost)  
  180  14:17  Disruptor  
  183  14:27  Dark Templar x8  
  199  14:44  Protoss Air Weapons Level 1 (Chrono Boost)  
  199  14:46  Fleet Beacon  
  199  14:48  Stargate, Pylon  
  199  14:50  Assimilator  
  199  14:51  Stargate  
  199  14:53  Assimilator  
  199  14:54  Probe, Stargate  
  196  15:05  Photon Cannon  
  194  15:08  Photon Cannon  
  194  15:10  Shield Battery  
  184  15:29  Tempest (Chrono Boost)  
  184  15:32  Tempest (Chrono Boost)  
  184  15:33  Tempest (Chrono Boost)  
  181  15:36  Dark Templar x3  
  181  15:37  Dark Templar  
  169  15:47  Photon Cannon  
  169  15:49  Photon Cannon, Stalker  
  162  15:51  Photon Cannon  
  162  15:53  Tempest (Chrono Boost)  
  162  15:54  Pylon  
  148  15:58  Zealot x4  
  148  16:01  Probe x2  
  149  16:06  Stalker  
  122  16:12  Disruptor (Chrono Boost)  
  128  16:20  Probe (Chrono Boost)  
  128  16:21  Probe x2 (Chrono Boost)  
  128  16:22  Probe x2 (Chrono Boost), Disruptor (Chrono Boost)  
  136  16:32  Probe (Chrono Boost)  
  136  16:33  Probe x2 (Chrono Boost)  
  136  16:34  Probe x2 (Chrono Boost)  
  136  16:38  High Templar x4  
  136  16:39  Archon  
  146  16:40  Probe x2 (Chrono Boost), Archon  
  146  16:43  Disruptor  
  146  16:45  Archon  
  146  16:46  Archon  
  151  16:50  Disruptor  
  154  16:58  Stalker x4  
  161  17:06  Zealot  
  161  17:07  Pylon  
  163  17:20  Stalker x2  
  163  17:21  Stalker x3  
  172  17:32  Zealot x3  
  172  17:33  Zealot  
  172  17:36  Zealot  
  147  17:45  Zealot x4  
Show
View Real Time Build Order
Export as new Build Order

DnS Protoss 

Build Orders: Phoenix Opening, Zealot Archon 

Get SALT Encoding   

  12  0:00  Probe  
  13  0:12  Probe  
  14  0:17  Pylon  
  14  0:24  Probe (Chrono Boost)  
  15  0:36  Probe (Chrono Boost)  
  15  0:37  Gateway  
  16  0:44  Probe (Chrono Boost)  
  16  0:46  Assimilator  
  17  0:50  Probe  
  17  0:55  Assimilator  
  18  1:03  Probe (Chrono Boost)  
  19  1:07  Gateway  
  19  1:13  Probe (Chrono Boost)  
  19  1:18  Probe (Chrono Boost)  
  21  1:26  Cybernetics Core  
  21  1:30  Probe  
  22  1:36  Pylon  
  22  1:42  Probe  
  23  1:47  Pylon  
  23  2:02  Stalker x2  
  23  2:05  Warp Gate  
  27  2:14  Cybernetics Core  
  27  2:17  Probe  
  28  2:25  Pylon  
  28  2:31  Probe  
  28  2:37  Stargate  
  28  2:43  Probe  
  29  3:00  Nexus  
  30  3:05  Probe  
  30  3:17  Probe  
  31  3:20  Phoenix (Chrono Boost)  
  33  3:29  Shield Battery  
  33  3:30  Probe  
  33  3:32  Shield Battery  
  34  3:43  Phoenix (Chrono Boost)  
  34  3:46  Probe  
  37  3:51  Shield Battery  
  37  3:56  Stalker  
  36  4:03  Probe  
  37  4:14  Probe  
  37  4:15  Phoenix  
  37  4:16  Probe  
  41  4:26  Probe (Chrono Boost)  
  41  4:28  Probe (Chrono Boost)  
  43  4:37  Probe (Chrono Boost)  
  45  4:38  Probe (Chrono Boost)  
  45  4:42  Probe (Chrono Boost), Twilight Council, Phoenix  
  45  4:43  Probe (Chrono Boost)  
  49  4:50  Pylon  
  49  4:52  Probe  
  50  4:54  Probe  
  51  5:04  Probe, Sentry  
  51  5:06  Pylon  
  53  5:13  Probe  
  49  5:16  Probe  
  50  5:25  Shield Battery  
  50  5:26  Probe  
  51  5:28  Probe, Dark Shrine  
  51  5:29  Stalker  
  54  5:37  Stalker  
  54  5:38  Probe  
  54  5:40  Probe  
  58  5:44  Assimilator  
  58  5:49  Blink (Chrono Boost)  
  58  5:50  Probe  
  58  5:53  Probe  
  60  5:59  Forge  
  60  6:02  Probe  
  61  6:14  Nexus  
  61  6:16  Pylon  
  61  6:18  Pylon  
  61  6:19  Probe x2  
  63  6:27  Protoss Ground Weapons Level 1  
  63  6:28  Stalker  
  63  6:29  Stalker  
  63  6:31  Probe  
  68  6:35  Shield Battery  
  68  6:36  Probe  
  69  6:48  Probe  
  69  6:51  Dark Templar, Robotics Facility  
  69  6:53  Probe  
  73  6:59  Gateway  
  73  7:00  Probe  
  74  7:01  Gateway  
  74  7:03  Pylon  
  74  7:05  Dark Templar  
  76  7:13  Probe  
  76  7:14  Probe  
  78  7:25  Probe  
  78  7:26  Probe  
  78  7:28  Stalker  
  78  7:29  Probe  
  81  7:35  Photon Cannon, Charge (Chrono Boost)  
  81  7:37  Probe  
  81  7:38  Probe, Gateway  
  81  7:40  Gateway, Dark Templar  
  81  7:41  Probe  
  86  7:46  Archon  
  86  7:49  Probe  
  87  7:51  Gateway  
  87  7:52  Gateway  
  87  7:54  Gateway  
  87  7:56  Stalker  
  89  7:59  Stalker  
  89  8:01  Probe x2  
  89  8:03  Assimilator  
  93  8:08  Stalker  
  93  8:09  Probe  
  93  8:10  Assimilator  
  96  8:14  Probe x2, Pylon  
  96  8:15  Assimilator  
  98  8:21  Stalker x2  
  98  8:26  Pylon  
  101  8:27  Pylon  
  101  8:28  Probe x2  
  103  8:38  Templar Archives  
  103  8:39  Pylon  
  103  8:41  Probe, Gateway  
  104  8:42  Probe  
  104  8:44  Zealot x2  
  109  8:48  Protoss Ground Weapons Level 2 (Chrono Boost)  
  109  8:49  Sentry  
  111  8:56  Observer  
  111  8:59  Zealot x4  
  120  9:04  Pylon  
  120  9:05  Pylon  
  120  9:15  High Templar  
  120  9:16  High Templar, Zealot  
  126  9:17  Immortal (Chrono Boost)  
  126  9:22  Archon  
  130  9:25  Nexus  
  130  9:28  Pylon  
  130  9:36  Robotics Facility  
  130  9:38  Robotics Bay  
  130  9:42  Zealot x3  
  136  9:46  Pylon  
  136  9:54  Zealot x4  
  144  10:03  Zealot x4  
  152  10:12  Shield Battery  
  152  10:16  Photon Cannon  
  152  10:17  High Templar x4  
  160  10:21  Archon  
  160  10:23  Pylon  
  160  10:24  Archon, Pylon  
  160  10:29  Disruptor (Chrono Boost)  
  160  10:33  Disruptor (Chrono Boost)  
  163  10:40  Pylon  
  163  10:41  Pylon  
  163  10:42  Probe x2  
  169  10:43  Photon Cannon  
  169  10:47  Zealot x3  
  174  10:50  Pylon  
  174  10:53  High Templar x2  
  174  10:54  Zealot x2  
  182  10:58  Archon  
  180  11:04  Disruptor (Chrono Boost)  
  183  11:16  Disruptor (Chrono Boost)  
  166  11:31  Gateway x2  
  166  11:33  Zealot  
  166  11:35  Stalker x4  
  166  11:37  Disruptor (Chrono Boost)  
  166  11:39  Zealot x3  
  185  11:42  Warp Prism (Chrono Boost)  
  187  11:51  Gateway  
  187  11:54  Gateway  
  185  12:04  Zealot  
  185  12:07  Zealot x5  
  195  12:11  Protoss Ground Weapons Level 3 (Chrono Boost)  
  190  12:31  High Templar x4  
  190  12:34  Archon  
  190  12:35  Archon  
  198  12:44  Photon Cannon  
  198  12:48  Stalker  
  186  13:00  Stalker x5  
  196  13:11  Disruptor  
  196  13:13  Zealot x2  
  194  13:23  Disruptor  
  194  13:26  Shadow Stride (Chrono Boost)  
  175  13:30  Probe x4  
  175  13:32  Assimilator  
  175  13:34  Assimilator  
  177  13:36  Zealot x4  
  177  13:37  Zealot x4  
  177  13:40  Pylon  
  177  13:41  Pylon  
  193  13:46  Disruptor  
  196  13:59  Disruptor  
  196  14:01  Zealot  
  200  14:05  Probe x2  
  200  14:06  Probe  
  200  14:07  Pylon  
  187  14:22  Pylon, Nexus  
  183  14:26  Pylon  
  183  14:29  Observer  
  183  14:36  Dark Templar x5  
  183  14:37  Dark Templar x5  
  198  14:52  Zealot  
  198  14:58  Nexus  
  197  15:03  Pylon  
  197  15:05  Protoss Shields Level 1 (Chrono Boost)  
  197  15:06  Pylon  
  197  15:23  Shield Battery  
  197  15:25  Photon Cannon  
  197  15:26  Photon Cannon  
  197  15:27  Zealot  
  199  15:31  Zealot x6  
  199  15:32  Zealot x4  
  192  15:38  Assimilator x2  
  176  15:49  Nexus  
  168  15:51  Pylon  
  149  16:11  Stalker x5  
  138  16:13  Observer (Chrono Boost)  
  138  16:14  Observer (Chrono Boost)  
  118  16:26  Photon Cannon  
  114  16:41  High Templar x3  
  114  16:42  High Templar x3, Stalker  
  114  16:45  Archon  
  114  16:46  Archon x2  
  128  17:08  Stalker x5  
  130  17:11  Stalker  
  140  17:20  Stalker x2  
  101  17:38  Stalker x3  
  101  17:39  Stalker  
Tags
 
Add a new tag
Caveats
  • Supply blocks, unpowered buildings, or Contaminate may cause inaccurate times.
  • Supply counts are checked every 10 seconds.